AoeStats
← 888

African Clearing

504960582Analyzed
4v4 RM · 25d ago on Sep 7, 2026· 44m 35s· 8 players
Game mode
Random Map
Map size
Large (8 player)
Population
200
Speed
Normal
Resources
Standard
Victory
Conquest
Starting age
Dark Age
Ending age
Imperial Age
RankedLock teamsTeams togetherTeam positionsShared explorationLock speedFull tech treeHidden civsTurbo modeCheats
Victory
Defeat
🇨🇱 Koreans · Chile
1274
+8
🇫🇷 Persians · France
1246
+9
🇺🇸 Franks · United States
1234
+10
🇺🇸 Wu · United States
1024
+18
🇨🇳 Japanese · China
1144
-13
🇹🇷 Portuguese · Türkiye
1107
-12
🇲🇾 Gurjaras · Malaysia
1054
-10
🇫🇷 Hindustanis · France
1051
-10
Akane
6:29 Loom
15:17 Feudal Age
15:50 Man-at-Arms
17:50 Forging
17:41 Scale Mail Armor
18:28 Horse Collar
19:32 Arson
27:12 Castle Age
25:05 Stone Mining
25:28 Double-Bit Axe
27:20 Pikeman
34:19 Bow Saw
36:56 Wheelbarrow
38:35 Heavy Plow
38:52 Gold Mining
41:46 Iron Casting
41:26 Chain Mail Armor
44:29 Imperial Age
43:27 Hand Cart
44:10 Yasama
Lizard Bro
12:21 Loom
14:51 Feudal Age
15:52 Town Watch
19:02 Castle Age
18:11 Scale Barding Armor
18:55 Double-Bit Axe
31:57 Ballistics
31:38 Horse Collar
36:29 Chain Barding Armor
37:03 Husbandry
37:13 Bloodlines
39:02 Bloodlines
40:57 Wheelbarrow
42:13 Forging
jetthro
5:29 Loom
16:35 Feudal Age
23:10 Double-Bit Axe
24:28 Wheelbarrow
26:04 Castle Age
27:48 Pikeman
28:42 Scale Mail Armor
35:59 Imperial Age
34:35 Gold Mining
36:11 Fletching
36:33 Forging
Turan
9:58 Loom
15:31 Feudal Age
16:08 Double-Bit Axe
21:13 Castle Age
19:54 Scale Barding Armor
20:47 Bloodlines
26:22 Husbandry
28:58 Bow Saw
29:47 Chain Barding Armor
34:10 Fletching
sakuzi
5:52 Loom
14:46 Feudal Age
18:01 Double-Bit Axe
21:44 Castle Age
31:30 Town Watch
34:57 Bloodlines
34:48 Husbandry
35:09 Gold Mining
35:10 Stone Mining
36:53 Scale Barding Armor
36:59 Forging
Sandsoil
4:11 Loom
13:18 Feudal Age
14:57 Town Watch
17:39 Castle Age
16:02 Double-Bit Axe
18:36 Bow Saw
26:55 Stone Mining
28:17 Wheelbarrow
29:49 Hand Cart
32:24 Fletching
33:19 Bodkin Arrow
38:57 Husbandry
39:04 Scale Barding Armor
39:10 Forging
39:28 Gold Mining
41:15 Gold Shaft Mining
41:02 Chain Barding Armor
41:17 Iron Casting
43:26 Imperial Age
43:34 Imperial Age
43:35 Cavalier
44:17 Chivalry
44:37 Conscription
44:55 Plate Barding Armor
45:20 Blast Furnace
[GT] Burok
4:11 Loom
14:04 Feudal Age
15:09 Double-Bit Axe
18:25 Castle Age
19:07 Fletching
20:09 Bow Saw
19:51 Gold Mining
21:28 Bodkin Arrow
25:06 Husbandry
34:37 Ballistics
41:18 Imperial Age
39:23 Wheelbarrow
38:34 Town Watch
40:07 Eupseong
40:07 Murder Holes
41:23 Elite War Wagon
42:29 Shinkichon
42:11 Bracer
43:16 Chemistry
42:58 Conscription
43:44 Siege Engineers
43:52 Arson
44:07 Squires
44:18 Forging
44:09 Scale Mail Armor
888
9:53 Loom
13:30 Feudal Age
17:07 Castle Age
15:20 Double-Bit Axe
18:13 Bow Saw
18:27 Horse Collar
19:18 Heavy Plow
23:53 Wheelbarrow
25:20 Stone Mining
27:35 Bloodlines
27:26 Husbandry
28:24 Forging
29:09 Scale Barding Armor
30:58 Iron Casting
30:43 Chain Barding Armor
35:09 Imperial Age
32:55 Hand Cart
33:01 Gold Mining
34:58 Capped Ram
35:08 Heavy Camel Rider
36:52 Blast Furnace
37:14 Plate Barding Armor
37:19 Conscription
37:36 Cavalier
37:37 Light Cavalry
38:42 Hussar
40:03 Savar
41:42 Gold Shaft Mining
41:43 Stone Shaft Mining
Connection lost

Rejoining the realm…

Still unreachable

The connection could not be restored.

Session expired

The server has moved on; the page needs a fresh start.